AoeStats
← 钓鱼佬

Oasis

508655687Analyzed
4v4 RM · 8d ago on Sep 23, 2026· 43m 27s· 8 players
Game mode
Random Map
Map size
Large (8 player)
Population
200
Speed
Normal
Resources
Standard
Victory
Conquest
Starting age
Dark Age
Ending age
Imperial Age
RankedLock teamsTeams togetherTeam positionsShared explorationLock speedFull tech treeHidden civsTurbo modeCheats
Victory
Defeat
🇭🇰 Malay · Hong Kong SAR China
1447
+15
🇦🇷 Vietnamese · Argentina
1403
+17
🇹🇼 Varangians · Taiwan
1396
+17
🇹🇼 Saxons · Taiwan
1366
+19
🇨🇳 Lithuanians · China
1536
-22
🇨🇳 Mongols · China
1478
-19
🇨🇳 Varangians · China
1355
-14
🇨🇳 Varangians · China
1335
-13
都挺好
2:18 Loom
11:39 Feudal Age
12:16 Double-Bit Axe
14:44 Horse Collar
23:43 Castle Age
22:35 Gold Mining
23:48 Crossbowman
24:34 Thumb Ring
25:07 Padded Archer Armor
24:58 Fletching
28:54 Leather Archer Armor
30:25 Wheelbarrow
31:22 Bodkin Arrow
32:01 Bow Saw
32:43 Heavy Plow
33:06 Squires
33:44 Ballistics
38:29 Imperial Age
37:58 Hand Cart
37:30 Town Watch
38:30 Stone Mining
38:41 Arbalester
40:29 Chemistry
39:24 Elite Skirmisher
41:10 Imperial Skirmisher
42:19 Treadmill Crane
42:50 Masonry
42:45 Siege Engineers
42:36 Murder Holes
43:49 Two-Man Saw
43:22 Crop Rotation
43:46 Hoardings
43:33 Paper Money
43:39 Paper Money
MinatoRen
6:27 Loom
9:20 Feudal Age
9:32 Man-at-Arms
11:43 Arson
15:11 Double-Bit Axe
20:54 Castle Age
19:26 Horse Collar
19:57 Fletching
21:42 Gold Mining
22:12 Bow Saw
22:22 Bodkin Arrow
22:29 Padded Archer Armor
22:50 Bloodlines
27:48 Husbandry
31:51 Wheelbarrow
31:25 Town Watch
36:39 Imperial Age
34:50 Thumb Ring
36:13 Ballistics
37:59 Bracer
39:11 Chemistry
38:03 Cranequins
39:37 Hand Cart
40:49 Gold Shaft Mining
40:04 Stone Mining
43:15 Heavy Mounted Crossbowman
cgan13289
8:32 Feudal Age
9:06 Double-Bit Axe
10:00 Loom
12:25 Horse Collar
16:23 Wheelbarrow
18:13 Castle Age
18:08 Bloodlines
19:15 Bow Saw
20:05 Scale Barding Armor
19:22 Light Cavalry
21:41 Gold Mining
24:44 Stone Mining
26:23 Wheelbarrow
28:42 Town Watch
29:30 Heavy Plow
33:20 Imperial Age
31:09 Forging
31:43 Hand Cart
32:17 Fervor
32:31 Chain Barding Armor
32:47 Iron Casting
31:53 Vendel Legacy
33:02 Town Patrol
32:44 Treadmill Crane
33:19 Husbandry
35:21 Chemistry
34:26 Siege Engineers
35:34 Two-Man Saw
35:12 Plate Barding Armor
35:38 Blast Furnace
35:13 Crop Rotation
34:23 Cavalier
36:12 Hussar
37:56 Conscription
survivorsteven
10:22 Feudal Age
9:33 Loom
10:31 Double-Bit Axe
10:56 Horse Collar
16:07 Town Watch
16:43 Forging
17:39 Scale Barding Armor
21:02 Castle Age
18:57 Gold Mining
21:33 Iron Casting
22:44 Husbandry
24:19 Wheelbarrow
27:37 Heavy Plow
27:51 Bow Saw
31:22 Hand Cart
32:29 Stone Mining
33:21 Light Cavalry
35:16 Gold Shaft Mining
39:00 Imperial Age
39:10 Imperial Age
37:38 Squires
36:59 Pikeman
39:57 Blast Furnace
39:02 Elite Battle Elephant
40:23 Crop Rotation
39:47 Fletching
40:28 Caravan
41:52 Conscription
41:39 Forced Levy
41:49 Halberdier
SaKuRuaba Ema
10:53 Feudal Age
9:48 Loom
12:05 Double-Bit Axe
12:01 Horse Collar
15:23 Wheelbarrow
18:13 Loom
20:33 Castle Age
21:58 Bow Saw
21:59 Forging
21:54 Heavy Plow
22:30 Wheelbarrow
23:15 Coinage
27:40 Hand Cart
28:01 Caravan
30:59 Stone Mining
31:45 Gold Mining
32:40 Stone Shaft Mining
33:33 Gold Shaft Mining
33:43 Nomads
33:36 Fletching
33:46 Padded Archer Armor
33:57 Town Watch
37:17 Imperial Age
34:46 Bodkin Arrow
36:18 Padded Archer Armor
37:23 Thumb Ring
37:38 Bloodlines
37:29 Husbandry
38:04 Bracer
38:32 Conscription
37:33 Elite Mangudai
38:48 Leather Archer Armor
39:35 Chemistry
39:02 Ballistics
39:55 Parthian Tactics
40:04 Banking
41:28 Scale Barding Armor
41:34 Forging
42:45 Hoardings
42:22 Masonry
初中王
8:24 Loom
11:19 Feudal Age
17:33 Castle Age
16:02 Double-Bit Axe
15:59 Horse Collar
19:38 Bow Saw
30:06 Wheelbarrow
34:56 Imperial Age
34:07 Hand Cart
33:51 Town Watch
34:35 Ballistics
36:36 Fletching
36:35 Elite Jarl
37:36 Conscription
41:06 Bodkin Arrow
41:11 Padded Archer Armor
40:58 Elite Skirmisher
40:59 Cranequins
41:55 Caravan
42:13 Bracer
快乐的菜鸟
10:26 Feudal Age
10:50 Loom
14:24 Castle Age
13:15 Double-Bit Axe
14:19 Horse Collar
22:35 Wheelbarrow
23:42 Scale Barding Armor
24:52 Heavy Plow
25:27 Bow Saw
28:05 Gold Mining
29:16 Hand Cart
31:07 Chain Barding Armor
31:27 Stone Mining
34:45 Imperial Age
33:14 Stone Shaft Mining
32:54 Forging
35:40 Iron Casting
34:48 Elite Jarl
36:05 Plate Barding Armor
35:51 Conscription
35:35 Husbandry
35:46 Bloodlines
36:39 Two-Man Saw
36:12 Crop Rotation
37:02 Caravan
38:42 Blast Furnace
37:08 Cavalier
39:02 Vendel Legacy
钓鱼佬
11:14 Loom
13:11 Feudal Age
15:31 Double-Bit Axe
19:56 Castle Age
18:05 Horse Collar
20:46 Heavy Plow
22:42 Scale Barding Armor
22:48 Forging
22:53 Gold Mining
23:16 Bow Saw
27:43 Bloodlines
28:06 Sanctity
28:47 Chain Barding Armor
33:39 Wheelbarrow
33:51 Wheelbarrow
35:42 Hand Cart
35:12 Town Watch
39:45 Imperial Age
39:10 Husbandry
40:04 Stone Mining
40:59 Iron Casting
39:56 Cavalier
41:13 Plate Barding Armor
Connection lost

Rejoining the realm…

Still unreachable

The connection could not be restored.

Session expired

The server has moved on; the page needs a fresh start.